 Dungeon Crawl Stone Soup version 0.20-a0-261-gcb1eca7 (webtiles) character file.

2035 Lochraine the Conjurer (level 9, -4/62 HPs)
             Began as a Red Draconian Conjurer on Dec 3, 2016.
             Was an Initiate of Sif Muna.
             Killed from afar by an orc wizard (10 damage)
             ... with a magic dart
             ... on level 7 of the Dungeon.
             The game lasted 00:23:26 (6682 turns).

Lochraine the Conjurer (Red Draconian Conjurer)     Turns: 6682, Time: 00:23:27

Health: -4/62      AC:  7    Str: 10    XL:     9   Next: 4%
Magic:  11/27      EV: 12    Int: 20    God:    Sif Muna [......]
Gold:   513        SH:  0    Dex: 11    Spells: 1/20 levels left

rFire  + + .     SeeInvis .     q - +7 spear of Quick Death {flame, rF+ rC++}
rCold  + + .     Gourm    .     (armour unavailable)
rNeg   . . .     Faith    .     (no shield)
rPois  .         Spirit   .     (helmet restricted)
rElec  .         Reflect  .     (no cloak)
rCorr  .         Harm     .     (no gloves)
MR     .....                    (no boots)
Stlth  ++........               (no amulet)
                                E - ring of flight
                                l - ring of magical power

@: no status effects
A: breathe fire, unfitting armour, fire resistance 1, cold-blooded, AC +7
a: Breathe Fire, Renounce Religion, Evoke Flight


You were on level 7 of the Dungeon.
You worshipped Sif Muna.
Sif Muna was noncommittal.
You were very hungry.

You visited 2 branches of the dungeon, and saw 8 of its levels.

You collected 513 gold pieces.

Inventory:

Hand Weapons
 d - a +0 whip
 q - the +7 spear of Quick Death (weapon) {flame, rF+ rC++}
   (You found it on level 6 of the Dungeon)

   It has been specially enchanted to burn those struck by it, causing extra
   injury to most foes and up to half again as much damage against particularly
   susceptible opponents.
   It protects you from fire.
   It greatly protects you from cold.
 t - a +1 dagger of venom
 B - a +0 morningstar of protection
 D - a +1 glaive of venom
Armour
 r - a +0 buckler
Jewellery
 l - a ring of magical power (left hand)
 E - a ring of flight (right hand)
Wands
 u - a wand of slowing (16/48)
Scrolls
 c - a scroll of remove curse
 f - a scroll of recharging {unknown}
 k - 2 scrolls of identify
 n - 5 scrolls of fog
 o - 2 scrolls of fear {unknown}
 p - 2 scrolls of teleportation
 v - a scroll of noise {unknown}
 w - 2 scrolls of immolation
Potions
 e - a potion of heal wounds
 h - a potion of cure mutation
 m - 7 potions of curing
 s - 2 potions of cancellation {unknown}
 x - 2 potions of degeneration {unknown}
 z - 2 potions of berserk rage {unknown}
 A - a potion of resistance {unknown}
 C - 2 potions of flight {unknown}
Books
 a - a book of Conjurations

   Spells                             Type                      Level
   a - Magic Dart                     Conjuration                  1
   b - Searing Ray                    Conjuration                  2
   c - Dazzling Spray                 Conjuration/Hexes            3
   d - Fulminant Prism                Conjuration/Hexes            4
   e - Iskenderun's Mystic Blast      Conjuration                  4
   f - Iskenderun's Battlesphere      Conjuration/Charms           5
 y - a book of Minor Magic

   Spells                             Type                      Level
   a - Magic Dart                     Conjuration                  1
   b - Blink                          Translocation                2
   c - Call Imp                       Summoning                    2
   d - Repel Missiles                 Charms/Air                   2
   e - Slow                           Hexes                        2
   f - Conjure Flame                  Conjuration/Fire             3
   g - Mephitic Cloud                 Conjuration/Poison/Air       3
Comestibles
 b - 4 bread rations
 g - 2 beef jerkies
 i - 4 meat rations
 j - 5 fruits


   Skills:
 + Level 1.8 Polearms
 - Level 1.7 Dodging
 - Level 1.7 Stealth
 - Level 6.2 Spellcasting
 + Level 7.8 Conjurations
 * Level 5.3 Charms
 - Level 2.0 Translocations
 - Level 2.5 Fire Magic


You had one spell level left.
You knew the following spells:

 Your Spells              Type           Power        Failure   Level  Hunger
a - Magic Dart            Conj           ####         1%          1    None
b - Searing Ray           Conj           #####.       1%          2    None
c - Iskenderun's Mystic   Conj           #####...     6%          4    ####...
d - Conjure Flame         Conj/Fire      ####....     4%          3    ##.....
e - Repel Missiles        Chrm/Air       ###...       6%          2    None
f - Blink                 Tloc           N/A          10%         2    None
g - Iskenderun's Battles  Conj/Chrm      ####....     21%         5    #####..


Dungeon Overview and Level Annotations

Branches:
Dungeon (7/15)             Temple (1/1) D:6

Altars:
Ashenzari
Dithmenos
Elyvilon
Fedhas
Gozag
Hepliaklqana
Kikubaaqudgha
Nemelex Xobeh
Okawaru
Ru
Sif Muna
Trog
Uskayaw
Xom
Yredelemnul
Zin
The Shining One

Annotations:
D:3 Zorot's ghost, amateur GrFi


Innate Abilities, Weirdness & Mutations

You can breathe blasts of fire.
Your fiery red scales are hard. (AC +7)
You cannot fit into any form of body armour.
Your flesh is heat resistant. (rF+)
You are cold-blooded and may be slowed by cold attacks.


Message History

Your experience leads to an increase in your attributes!
Increase (S)trength, (I)ntelligence, or (D)exterity?
You feel clever.
Your scales feel tougher.
You start resting.
A magic dart appears from out of thin air!
The magic dart hits you!
* * * LOW HITPOINT WARNING * * *
Casting: Iskenderun's Mystic Blast
Confirm with . or Enter, or press ? or * to list all spells.
You can't see any susceptible monsters within range! (Use Z to cast anyway.) Unknown command.
Unknown command.
Casting: Iskenderun's Mystic Blast
Confirm with . or Enter, or press ? or * to list all spells.
Aiming: Iskenderun's Mystic Blast
Press: ? - help, Shift-Dir - straight line The orb of energy explodes!
A magic dart appears from out of thin air!
The magic dart hits you!
You die...

#...........#
#...........##
#.........#..#
#.........##.##
#.........##..#
#.........###.##
##........##
#..# .##
#.........#
##.## ..##
##@#......##
#..# ...#
#..#......# ##.#
...#
##ยง####...##
#.. ...# ##.{#
##### ##. ...##
#..## #. ....#
##..# ## ....#
###..## # ....#
#....## #
....######.....#
##


There were no monsters in sight!

Vanquished Creatures
  Grinder (D:6)
  Menkaure (D:4)
  An orc warrior (D:7)
  2 phantoms (D:6)
  4 ogres
  A necrophage (D:5)
  A bullfrog (D:6)
  A scorpion (D:6)
  A water moccasin skeleton (D:6)
  4 wights (D:6)
  3 crimson imps
  A centaur skeleton (D:4)
  2 orc priests
  A jelly (D:5)
  2 iguanas
  3 orc wizards
  2 worker ants (D:4)
  Robin (D:4)
  4 gnolls (D:4)
  9 adders
  An adder skeleton (D:6)
  2 worms
  2 dart slugs
  8 leopard geckos
  24 orcs
  5 giant cockroaches
  10 hobgoblins
  18 jackals
  5 quokkas
  A ball python (D:3)
  5 bats
  3 frilled lizards
  A giant cockroach zombie (D:6)
  15 goblins
  8 kobolds
  A leopard gecko zombie (D:5)
  8 rats
162 creatures vanquished.

Notes
Turn   | Place    | Note
-------+----------+-------------------------------------------
     0 | D:1      | Lochraine the Draconian Conjurer began the quest for the Orb.
     0 | D:1      | Reached XP level 1. HP: 14/14 MP: 3/3
   116 | D:1      | Reached XP level 2. HP: 18/20 MP: 0/5
   361 | D:1      | Learned a level 2 spell: Searing Ray
   834 | D:2      | Reached XP level 3. HP: 26/26 MP: 2/7
   970 | D:2      | Found a shimmering altar of Xom.
  1490 | D:2      | Reached XP level 4. HP: 31/33 MP: 8/8
  1499 | D:2      | Learned a level 4 spell: Iskenderun's Mystic Blast
  1946 | D:3      | Reached skill level 5 in Conjurations
  2104 | D:3      | Reached XP level 5. HP: 38/38 MP: 8/10
  2167 | D:3      | Noticed Zorot's ghost (amateur GrFi)
  2298 | D:3      | Found a faded altar of an unknown god.
  2503 | D:3      | Learned a level 3 spell: Conjure Flame
  2898 | D:4      | Reached skill level 1 in Fire Magic
  3048 | D:4      | Reached XP level 6. HP: 45/45 MP: 6/12
  3384 | D:4      | Learned a level 2 spell: Repel Missiles
  3422 | D:4      | Noticed Robin
  3442 | D:4      | Killed Robin
  3729 | D:4      | Reached skill level 6 in Conjurations
  3855 | D:4      | Reached skill level 1 in Charms
  3954 | D:4      | Noticed Menkaure
  4328 | D:4      | Killed Menkaure
  4328 | D:4      | Your scales start taking on a fiery red colour.
  4328 | D:4      | Reached XP level 7. HP: 50/50 MP: 12/14
  4328 | D:4      | Gained mutation: Your flesh is heat resistant. (rF+) [Red Draconian growth]
  4421 | D:5      | Entered Level 5 of the Dungeon
  4435 | D:5      | Found a sacrificial altar of Ru.
  4461 | D:5      | Reached skill level 5 in Spellcasting
  5015 | D:5      | Learned a level 2 spell: Blink
  5042 | D:5      | Reached XP level 8. HP: 19/57 MP: 13/16
  5287 | D:5      | Found a shattered altar of Ashenzari.
  5287 | D:5      | Found a hide-covered altar of Uskayaw.
  5428 | D:6      | Reached skill level 7 in Conjurations
  5428 | D:6      | Reached skill level 1 in Translocations
  5793 | D:6      | Learned a level 5 spell: Iskenderun's Battlesphere
  5800 | D:6      | Noticed Grinder
  5805 | D:6      | Paralysed by Grinder for 2 turns
  5815 | D:6      | Killed Grinder
  6024 | D:6      | Found an iron altar of Okawaru.
  6045 | D:6      | Got a translucent spear
  6046 | D:6      | Identified the +7 spear of Quick Death {flame, rF+ rC++} (You found it on level 6 of the Dungeon)
  6219 | D:6      | Found a staircase to the Ecumenical Temple.
  6244 | Temple   | Entered the Ecumenical Temple
  6252 | Temple   | Became a worshipper of Sif Muna the Loreminder
  6277 | D:6      | Reached skill level 1 in Polearms
  6277 | D:6      | Reached skill level 5 in Charms
  6430 | D:6      | Found a basalt altar of Yredelemnul.
  6676 | D:7      | Reached XP level 9. HP: 11/62 MP: 13/18
  6682 | D:7      | Killed from afar by an orc wizard

Vault maps used:
D:1:      minmay_arrival_diagonal_passages
D:2:      xom_butterflies, first_bread
D:3:      chequers_ecumenical_altar_simple_redux
D:4:      uniq_blork_the_orc, uniq_robin, uniq_menkaure
D:5:      gammafunk_temple_overflow_wave, basic_altar, kennysheep_generic_room_5
D:6:      kennysheep_mini, kennysheep_mini_moat, uniq_grinder
D:7:      bloody_makhleb, old_standard_altar, uniq_duvessa
Temple:   nicolae_temple_no_exploring_needed

Skill      XL: |  1  2  3  4  5  6  7  8 |
---------------+-------------------------+-----
Spellcasting   | 3 4 5 6 |  6.2
Conjurations   | 5 6 7 |  7.8
Fire Magic     | 1 2 |  2.5
Charms         | 2 3 5 |  5.3
Translocations | 2 |  2.0
Polearms       | 1 |  1.8
Dodging        | |  1.7
Stealth        | |  1.7

Action                   |  1- 3 |  4- 6 |  7- 9 || total
-------------------------+-------+-------+-------++-------
Melee: Whip              |   124 |    36 |       ||   160
       Tailslap          |    13 |     9 |    15 ||    37
       Dagger            |       |    82 |    14 ||    96
       Morningstar       |       |       |   107 ||   107
       Spear             |       |       |    47 ||    47
 Cast: Magic Dart        |    39 |    86 |    45 ||   170
       Searing Ray       |     2 |    10 |     5 ||    17
       Conjure Flame     |       |     5 |     2 ||     7
       Iskenderun's Myst |       |     3 |     9 ||    12
       Blink             |       |       |     1 ||     1
       Iskenderun's Batt |       |       |     1 ||     1
 Abil: Breathe Fire      |       |       |     3 ||     3
  Use: Scroll            |       |     3 |     5 ||     8
       Potion            |       |       |     3 ||     3
 Stab: Sleeping          |     2 |     1 |     2 ||     5
  Eat: Chunk             |     2 |     9 |     9 ||    20
       Fruit             |       |       |     1 ||     1
Armor: Skin              |    65 |    25 |    79 ||   169
Dodge: Dodged            |   113 |    67 |   157 ||   337
